 Dungeon Crawl Stone Soup version 0.21.0-3-g78d12a8 (webtiles) character file.

203 Ignatius881 the Skirmisher (level 5, 0/45 (46) HPs)
             Began as a Ghoul Fighter on Jan 10, 2018.
             Slain by an adder (2 damage)
             ... while paralysed
             ... on level 3 of the Dungeon.
             The game lasted 00:06:50 (2977 turns).

Ignatius881 the Skirmisher (Ghoul Fighter)          Turns: 2977, Time: 00:06:50

HP:   0/45 (46)     AC:  9    Str: 18 (20) XL:     5   Next: 81%
MP:   4/4           EV:  2    Int: -1 (3)  God:
Gold: 209           SH:  0    Dex:  7 (9)  Spells: 4/4 levels left

rFire    . . .     SeeInvis .   a - +0 trident
rCold    + . .     Gourm    .   c - +0 shield
rNeg     + + +     Faith    .   j - +0 chain mail
rPois    ∞         Spirit   .   (no helmet)
rElec    .         Reflect  .   (no cloak)
rCorr    .         Harm     .   (no gloves)
MR       .....                  (no boots)
Stlth    ..........             (no amulet)
HPRegen  0.00/turn              (no ring)
MPRegen  0.09/turn              (no ring)

@: paralysed, rotting, slowed, lost intelligence
A: rotting body, claws 1, carnivore, cold resistance 1, negative energy
resistance 3, inhibited regeneration, torment resistance, unbreathing
a: no special abilities


You were on level 3 of the Dungeon.
You were not hungry.

You visited 1 branch of the dungeon, and saw 3 of its levels.

You collected 209 gold pieces.

Inventory:

Hand Weapons
 a - a +0 trident (weapon)
Armour
 b - a +0 scale mail
 c - a +0 shield (worn)
 j - a +0 chain mail (worn)
   (You found it on level 1 of the Dungeon)
 k - a +0 shield
   (You took it off a hobgoblin on level 1 of the Dungeon)
 l - a +0 shield
   (You found it on level 1 of the Dungeon)
Scrolls
 g - a scroll of immolation {unknown}
 h - 2 scrolls of blinking {unknown}
 i - 2 scrolls of identify {unknown}
 m - a scroll of random uselessness {unknown}
 o - a scroll of enchant weapon {unknown}
 t - a scroll of remove curse {unknown}
Potions
 d - 2 potions of might
 f - a potion of magic {unknown}
 p - a potion of heal wounds {unknown}
 q - a potion of mutation
 s - a potion of berserk rage {unknown}
Comestibles
 e - 10 rations
 r - 5 chunks of flesh


   Skills:
 + Level 4.2 Fighting
 * Level 3.6 Polearms
 + Level 3.4 Armour
 + Level 3.5 Shields


You had 4 spell levels left.
You didn't know any spells.

Dungeon Overview and Level Annotations

Branches:
Dungeon (3/15)

Altars:


Innate Abilities, Weirdness & Mutations

Your body is rotting away.
You thrive on raw meat.
You are immune to poison.
You have sharp fingernails.
You are carnivorous and can eat meat at any time.
Your flesh is cold resistant. (rC+)
You are immune to negative energy. (rN+++)
You do not regenerate when monsters are visible.
You are immune to unholy pain and torment.
You can survive without breathing.


Message History

There is an open door here.
The adder bites you but does no damage. The adder bites you but does no damage.
The goblin throws a stone.
The stone barely misses you.
You see here a stone.
The adder barely misses you. The adder bites you but does no damage.
The adder bites you but does no damage.
A kobold comes into view.
The kobold shouts!
You hit the adder. The adder bites you.
* * * LOW HITPOINT WARNING * * *
The adder bites you but does no damage. You block the adder's attack.
You miss the adder. The kobold barely misses you. You block the adder's attack.
Your chain mail prevents you from hitting the adder.
The adder completely misses you.
The quokka bites you but does no damage.
You block the kobold's attack. The adder barely misses you.
You block the quokka's attack. The kobold hits you but does no damage.
You block the quokka's attack. The kobold hits you but does no damage.
There is a stone staircase leading up here.
The kobold hits you but does no damage. The adder barely misses you.
The goblin throws a stone.
The stone hits you but does no damage.
The goblin throws a stone.
The stone barely misses you. The adder bites you but does no damage.
The adder bites you but does no damage. The adder bites you but does no damage.
The adder bites you.
* * * LOW HITPOINT WARNING * * *
You miss the adder. You block the adder's attack.
You completely miss the adder. The adder bites you.
* * * LOW HITPOINT WARNING * * *
The adder bites you but does no damage.
It was a potion of mutation.
You feel extremely strange.
Your body decomposes!
You feel dopey.
Your body decomposes!
You feel dopey.
Your body decomposes!
You feel weakened. You block the adder's attack.
It was a potion of degeneration.
There was something very wrong with that liquid.
You feel weakened.
You feel dopey.
You have lost your intelligence.
You feel clumsy. The adder bites you but does no damage.
The adder bites you but does no damage. x2
The adder bites you.
You die...

...# #.# ...# #.# ...#
##########.#
...########.......##.#
..................'..#
...########.......##.#
...# ##########.# ..(#
#######.# ##.#
#rS@....# ##.#
########K#####.# #.#
#.....##.# #.#
#.####.....##.# #.#
#g#........##K#
#.########
##.#..<.....##.#
#.#....#.#
...#.......g..g#
#.#....#.#
##...........###
#.#....#.#
##.####......#
#.#....#.#


You could see an adder, a quokka and a kobold.

Vanquished Creatures
  2 worker ants
  6 adders
  An ooze (D:1)
  2 dart slugs
  2 leopard geckos (D:3)
  4 orcs (D:3)
  8 bats
  4 giant cockroaches
  8 goblins
  11 hobgoblins
  5 jackals
  4 quokkas
  A ball python (D:3)
  4 frilled lizards
  8 kobolds
  14 rats
84 creatures vanquished.

Notes
Turn   | Place    | Note
-------+----------+-------------------------------------------
     0 | D:1      | Ignatius881 the Ghoul Fighter began the quest for the Orb.
     0 | D:1      | Reached XP level 1. HP: 19/19 MP: 0/0
   308 | D:1      | Reached XP level 2. HP: 19/26 MP: 1/1
   584 | D:1      | Reached XP level 3. HP: 30/31 MP: 2/2
  1116 | D:2      | Reached XP level 4. HP: 33/40 MP: 3/3
  2121 | D:3      | Reached skill level 4 in Fighting
  2121 | D:3      | Reached XP level 5. HP: 37/43 MP: 4/4
  2973 | D:3      | HP: 2/45 [adder (2)]
  2975 | D:3      | Lost intelligence.
  2977 | D:3      | Slain by an adder

Skill      XL: |  1  2  3  4 |
---------------+-------------+-----
Polearms       | 2 3 |  3.6
Armour         | 3 |  3.4
Shields        | 3 |  3.5
Fighting       | 4 |  4.2

Action                   |  1- 3 |  4- 6 || total
-------------------------+-------+-------++-------
Melee: Trident           |   149 |   220 ||   369
  Use: Potion            |       |     2 ||     2
  Eat: Chunk             |     2 |     5 ||     7
Armor: Scale mail        |    34 |       ||    34
       Chain mail        |    41 |   121 ||   162
Dodge: Dodged            |    30 |    42 ||    72
Block: Shield            |    49 |   100 ||   149
